 Dungeon Crawl Stone Soup version 0.25-a0-578-gc91f01c (webtiles) character file.

Game seed: 5452151053252511827, levelgen mode: deterministic

2328 DrEnzyme the Fighter (level 9, -16/97 HPs)
             Began as an Ogre Wanderer on Mar 5, 2020.
             Was a Believer of Okawaru.
             Demolished by Grum
             ... wielding a +0 glaive
              (21 damage)
             ... on level 8 of the Dungeon on Mar 6, 2020.
             The game lasted 00:34:59 (11858 turns).

DrEnzyme the Fighter (Ogre Wanderer)               Turns: 11858, Time: 00:34:59

Health: -16/97     AC:  6    Str: 21    XL:     9   Next: 42%
Magic:  0/18       EV: 11    Int: 12    God:    Okawaru [**....]
Gold:   72         SH:  0    Dex:  9    Spells: 4/8 levels left

rFire    . . .     SeeInvis .   t - +0 halberd
rCold    . . .     Gourm    .   (shield currently unavailable)
rNeg     . . .     Faith    .   d - +3 robe of Clouds {+Thunder rCloud rElec}
rPois    .         Spirit   +   (helmet restricted)
rElec    +         Reflect  .   q - scarf {Spirit}
rCorr    .         Harm     .   (gloves unavailable)
MR       +....     Clarity  +   (boots unavailable)
Stlth    +.........             (no amulet)
HPRegen  0.26/turn              h - ring of protection from magic
MPRegen  0.16/turn              c - ring of magical power

@: lethally poisoned (-16 -> -17), about to teleport
A: large, unfitting armour, antennae 1, clarity, tough skin 1
a: Heroism, Renounce Religion, Evoke Thunderclouds


You were on level 8 of the Dungeon.
You worshipped Okawaru.
Okawaru was pleased with you.
You were very hungry.

You visited 2 branches of the dungeon, and saw 9 of its levels.

You collected 458 gold pieces.
You spent 386 gold pieces at shops.

Inventory:

Hand Weapons
 a - a +2 spear
 t - a +0 halberd (weapon)
 w - a +0 dagger of venom
Missiles
 k - 26 poisoned darts
 H - 3 javelins (quivered)
Armour
 d - the +3 robe of Clouds (worn) {+Thunder rCloud rElec}
   (You bought it in a shop on level 8 of the Dungeon)

   It insulates you from electricity.
   If you remove this armour, your AC will decrease by 5 (6 -> 1).
 i - a +1 robe of cold resistance
 q - a scarf of spirit shield (worn)
Magical Staves
 F - an uncursed staff of power {unknown}
Jewellery
 c - a ring of magical power (right hand)
 h - a ring of protection from magic (left hand)
 p - an uncursed amulet of harm
 B - an uncursed ring of ice
 C - an uncursed ring of ice
 K - an uncursed ring of see invisible {unknown}
Wands
 b - a wand of polymorph (5)
Scrolls
 e - 3 scrolls of amnesia
 j - a scroll of random uselessness
 v - 2 scrolls of enchant weapon
 G - a scroll of brand weapon {unknown}
 J - a scroll of magic mapping
Potions
 g - a potion of ambrosia {unknown}
 m - a potion of invisibility {unknown}
 n - a potion of flight {unknown}
 r - a potion of heal wounds {unknown}
 s - a potion of degeneration
 u - 3 potions of brilliance
 x - a potion of berserk rage {unknown}
 z - a potion of stabbing {unknown}
 A - a potion of haste
 D - a potion of magic {unknown}
Comestibles
 f - 12 rations


   Skills:
 + Level 8.8 Fighting
 * Level 8.2 Polearms
 * Level 4.7 Throwing
 + Level 2.6 Armour
 * Level 4.5 Dodging
 - Level 1.0 Stealth
   Level 1.0 Shields


You had 4 spell levels left.
You knew the following spells:

 Your Spells              Type           Power        Failure   Level  Hunger
a - Animate Skeleton      Necr           N/A          32%         1    ##.....
b - Apportation           Tloc           #.....       32%         1    ##.....
c - Passwall              Tmut/Erth      #.......     45%         2    ###....

Your spell library contained the following spells:

 Spells                   Type           Power        Failure   Level  Hunger
 Corona                   Hex            #......      32%         1    ##.....
 Sandblast                Erth           #.....       32%         1    ##.....
 Summon Small Mammal      Summ           #...         32%         1    ##.....
 Stone Arrow              Conj/Erth      #.....       69%         3    ####...
 Petrify                  Tmut/Erth      #.......     97%         4    #####..
 Lee's Rapid Deconstruct  Erth           #.........   100%        5    ######.


Dungeon Overview and Level Annotations

Branches:
Dungeon (8/15)             Temple (1/1) D:4
   Lair: D:8-11

Altars:
Ashenzari
Cheibriados
Elyvilon
Fedhas
Gozag
Hepliaklqana
Kikubaaqudgha
Makhleb
Nemelex Xobeh
Okawaru
Ru
Sif Muna
Trog
Uskayaw
Vehumet
Wu Jian
Xom
Yredelemnul
Zin

Shops:
D:8 [

Annotations:
D:4 1 runed translucent door, exclusion: door, Crazy Yiuf
D:6 exclusion: 3 downstairs
D:8 exclusion: two-headed ogre, Grum


Innate Abilities, Weirdness & Mutations

You are too large for most types of armour.
You have tough skin. (AC +1)
You have a pair of small antennae on your head.
You possess an exceptional clarity of mind.


Message History

Grum shouts, "Spike!
Good boy!"
You closely miss the bullfrog.
You feel sick. The bullfrog closely misses you. The bullfrog hits you.
Grum hits you from afar with a +0 glaive!
* * * LOW HITPOINT WARNING * * *
Okay, then.
Okay, then.
Okay, then.
As you read the scroll labeled TOIKEM JILO, it crumbles to dust.
It is a scroll of enchant armour.
Your +0 robe of cold resistance glows green for a moment.
You feel sick.
The bullfrog hits you but does no damage.
The bullfrog hits you.
* * * LOW HITPOINT WARNING * * *
As you read the scroll labeled DOATOVEINU, it crumbles to dust.
You feel strangely unstable.
It was a scroll of teleportation.
Grum sniffs the air and quickly glances around.
Grum hits you from afar with a +0 glaive!!
You die...

.........# #.............
.........## #.....>.......
..........# #.............
..........## ##............
...........#### ##...........
.........#....# ########.#..
####.########.### #.#.. #.#
#...###### #.#.. #(#
###.@FghK## #.##. #.#
######hh# #.##. #.#
##(#######.##. #.##
#############†##.....K...
#..###..........#.Kh.h........
##..##.....([.......##.....(((
##.##..........##########....
#..#.........[# ##.#.
##.#.....()...# # #.#.


You could see Grum, 3 wolves, a bullfrog and a kobold.

Vanquished Creatures
  2 vampire mosquitoes (D:8)
  Edmund (D:5)
  2 ice beasts
  2 ogres
  A wolf (D:8)
  A centaur (D:6)
  Blork the orc (D:6)
  A big kobold (D:8)
  A bullfrog (D:6)
  A scorpion (D:6)
  A water moccasin skeleton (D:5)
  A killer bee (D:6)
  2 bullfrog zombies (D:6)
  2 crimson imps
  4 hounds
  2 orc wizards
  6 orc priests
  5 worker ants
  A worker ant zombie (D:5)
  12 gnolls
  A river rat (D:4)
  7 adders
  An ooze (D:2)
  An adder zombie (D:8)
  3 worms
  3 dart slugs
  7 leopard geckos
  26 orcs
  7 giant cockroaches
  9 hobgoblins
  5 jackals
  4 quokkas
  3 ball pythons
  5 bats
  3 frilled lizards
  4 goblins
  7 kobolds
  A quokka skeleton (D:8)
  A quokka zombie (D:5)
  9 rats
156 creatures vanquished.

Vanquished Creatures (collateral kills)
  A vampire mosquito (D:8)
  2 bullfrogs (D:8)
3 creatures vanquished.

Grand Total: 159 creatures vanquished

Notes
Turn   | Place    | Note
-------+----------+-------------------------------------------
     0 | D:1      | DrEnzyme the Ogre Wanderer began the quest for the Orb.
     0 | D:1      | DrEnzyme set off with the following items: a +2 spear, a
                  | potion of curing, a potion of lignification, a +0 robe, a
                  | ration
     0 | D:1      | Reached XP level 1. HP: 27/27 MP: 1/1
   120 | D:1      | Reached XP level 2. HP: 26/36 MP: 2/2
  1084 | D:2      | Reached XP level 3. HP: 44/44 MP: 3/3
  1151 | D:2      | Found a blossoming altar of Fedhas.
  1544 | D:2      | Reached XP level 4. HP: 42/53 MP: 4/4
  1722 | D:2      | Found a hazy altar of Hepliaklqana.
  1767 | D:2      | Reached skill level 1 in Armour
  2057 | D:2      | Found a snail-covered altar of Cheibriados.
  2059 | D:2      | Found a shimmering altar of Xom.
  2278 | D:3      | Reached XP level 5. HP: 26/61 MP: 2/5
  2703 | D:3      | Found an opulent altar of Gozag.
  2764 | D:2      | Found a sparkling altar of Nemelex Xobeh.
  2764 | D:2      | Found a white marble altar of Elyvilon.
  3176 | D:3      | Reached XP level 6. HP: 17/68 MP: 0/6
  4607 | D:4      | Found a runed translucent door.
  4608 | D:4      | Noticed Crazy Yiuf
  4696 | D:4      | Found a staircase to the Ecumenical Temple.
  4712 | Temple   | Entered the Ecumenical Temple
  4772 | D:4      | Found a glowing silver altar of Zin.
  5055 | D:4      | Found a sacrificial altar of Ru.
  5717 | D:5      | Entered Level 5 of the Dungeon
  5718 | D:5      | Found an ornate altar of the Wu Jian Council.
  5741 | D:5      | Noticed Edmund
  5769 | D:4      | Reached XP level 7. HP: 34/76 MP: 7/7
  6579 | D:5      | Found an iron altar of Okawaru.
  6677 | D:5      | Became a worshipper of Warmaster Okawaru
  6750 | D:6      | Reached skill level 5 in Polearms
  7225 | D:5      | Reached XP level 8. HP: 55/87 MP: 8/8
  7260 | D:5      | Gained mutation: You possess an exceptional clarity of
                  | mind. [potion of mutation]
  7260 | D:5      | Gained mutation: You have a pair of small antennae on your
                  | head. [potion of mutation]
  7275 | D:5      | Killed Edmund
  7866 | D:6      | Reached * piety under Okawaru
  8457 | D:6      | Noticed Blork the orc
  8848 | D:6      | Killed Blork the orc
  8988 | D:6      | Learned a level 1 spell: Animate Skeleton
  8990 | D:6      | Learned a level 1 spell: Apportation
  9209 | D:7      | Noticed a white ugly thing
  9880 | D:6      | Learned a level 2 spell: Passwall
 10696 | D:8      | Noticed Psyche
 10698 | D:8      | Noticed Psyche
 10698 | D:8      | Psyche changed into Psyche the bullfrog
 10703 | D:8      | Killed Psyche the bullfrog
 10732 | D:8      | Reached XP level 9. HP: 72/97 MP: 9/9
 10768 | D:8      | HP: 3/97 [vampire mosquito (6)]
 11148 | D:8      | Found Ykhuir's Armour Emporium.
 11156 | D:8      | Bought the +3 robe of Clouds {+Thunder rCloud rElec} for
                  | 386 gold pieces
 11156 | D:8      | Found the +3 robe of Clouds {+Thunder rCloud rElec}
 11271 | D:8      | Noticed a two-headed ogre
 11513 | D:7      | You fall into a shaft and drop 1 floor!
 11822 | D:8      | Noticed Grum
 11843 | D:8      | Reached ** piety under Okawaru
 11858 | D:8      | Demolished by Grum

Levels and vault maps discovered:
D:1:      dpeg_arrival_oval, layout_basic, roderic_lattice_a,
          chequers_serial_rivers_micro_e
D:2:      layout_loops_cross, old_standard_altar, fedhas_altar_4,
          nicolae_overflow_hidden_temple, minmay_pentomino_o2
D:3:      layout_rooms, nicolae_gozag_seed_capital
D:4:      layout_basic, kennysheep_mini_moat, lemuel_crystal_altar,
          minmay_temple_entry_offerings, gup_sewer_entry_bubbles,
          bh_walls_and_bars, uniq_crazy_yiuf_cottage
D:5:      layout_rooms, lemuel_round_altar, okawaru_metal_pillars_1_2,
          first_ration, minmay_misc_feat_chi, uniq_edmund
D:6:      layout_gridville, uniq_blork_the_orc
D:7:      layout_loops_ring, serial_co_window_serial, co_window_paths_b,
          co_window_paths_b, co_window_paths_a, co_window_paths_a,
          co_window_paths_a, co_window_corner_b, co_window_broadway_c,
          co_window_unsneaky_path_d, co_window_of_opportunity_c, co_window_sun,
          co_window_4corner_b
D:8:      layout_rooms, lemuel_crystal_altar, basic_altar, serial_shops, shop,
          hangedman_little_slice_of_home, uniq_grum, uniq_psyche
Temple:   dpeg_three_leaves_temple

Skill      XL: |  1  2  3  4  5  6  7  8  9 |
---------------+----------------------------+-----
Fighting       | 6 7 8 |  8.8
Armour         | 1 2 |  2.6
Polearms       | 3 4 5 7 8 |  8.2
Throwing       | 2 3 4 |  4.7
Dodging        | 2 4 |  4.5
Stealth        | |  1.0
Shields        | |  1.0

Action                   |  1- 3 |  4- 6 |  7- 9 || total
-------------------------+-------+-------+-------++-------
Melee: Spear             |    88 |   323 |   386 ||   797
       Halberd           |       |       |    35 ||    35
Throw: Stone             |     1 |    14 |     6 ||    21
 Cast: Animate Skeleton  |       |       |     5 ||     5
       Passwall          |       |       |     3 ||     3
Invok: Heroism           |       |       |     4 ||     4
 Abil: Evoke Thunderclou |       |       |     1 ||     1
Evoke: Wand              |       |       |     4 ||     4
  Use: Scroll            |     5 |     3 |     9 ||    17
       Potion            |     1 |     2 |    12 ||    15
 Stab: Sleeping          |     1 |     2 |     2 ||     5
       Distracted        |       |       |     2 ||     2
  Eat: Chunk             |     2 |    10 |    16 ||    28
       Ration            |       |     1 |     1 ||     2
Armor: Robe              |    23 |    37 |    86 ||   146
       Skin              |    10 |       |       ||    10
Dodge: Dodged            |    44 |   107 |   207 ||   358

Table legend:
 A = Non-vault XP
 B = Vault XP
 C = Vault XP percentage of total XP
 D = Non-vault monster count
 E = Vault monster count
 F = Vault count percentage of total count
                 A         B        C        D         E       F
            +---------+---------+-------+---------+---------+-------
      Total |    2863 |     463 |  13.9 |     146 |      13 |   8.2
            +---------+---------+-------+---------+---------+-------
        D:1 |      25 |       0 |   0.0 |      14 |       0 |   0.0
        D:2 |      95 |       4 |   4.0 |      20 |       2 |   9.1
        D:3 |     296 |       0 |   0.0 |      38 |       0 |   0.0
        D:4 |     150 |      38 |  20.2 |      12 |       7 |  36.8
        D:5 |     490 |     169 |  25.6 |      17 |       1 |   5.6
        D:6 |     604 |      96 |  13.7 |      19 |       1 |   5.0
        D:7 |     107 |       0 |   0.0 |       9 |       0 |   0.0
        D:8 |    1096 |     156 |  12.5 |      17 |       2 |  10.5
            +---------+---------+-------+---------+---------+-------
